 Dungeon Crawl Stone Soup version 0.24-a0-459-g225fefd530 (webtiles) character file.

Game seed: 6671420526534943786

9932 Murumi the Blocker (level 11, -19/133 HPs)
             Began as a Formicid Fighter on June 30, 2019.
             Was a High Priest of Okawaru.
             Demolished by Urug
             ... wielding a +5 eveningstar of draining
              (23 damage)
             ... on level 10 of the Dungeon.
             The game lasted 00:50:47 (12645 turns).

Murumi the Blocker (Formicid Fighter)              Turns: 12645, Time: 00:50:47

Health: -19/133    AC: 25    Str: 27    XL:     11   Next: 83%
Magic:  8/16       EV:  2    Int: 10    God:    Okawaru [*****.]
Gold:   199        SH:  0    Dex: 10    Spells: 10/10 levels left

rFire    . . .     SeeInvis .   B - +0 great sword
rCold    . . .     Gourm    .   c - +1 shield
rNeg     + + +     Faith    .   (armour currently unavailable)
rPois    +         Spirit   .   (helmet unavailable)
rElec    .         Reflect  +   (cloak currently unavailable)
rCorr    +         Harm     .   (gloves currently unavailable)
MR       ++...                  (boots currently unavailable)
Stlth    +.........             j - +3 amulet of reflection
HPRegen  0.32/turn              i - ring of resist corrosion
MPRegen  0.15/turn              w - ring of protection from magic

@: confused, mighty, tree-form, very slightly contaminated, heavily drained,
invisible
A: permanent stasis, dig shafts and tunnels, four strong arms
a: Heroism, Finesse, Renounce Religion


You were on level 10 of the Dungeon.
You worshipped Okawaru.
Okawaru was extremely pleased with you.
You were hungry.
You were a tree.
You visited 2 branches of the dungeon, and saw 11 of its levels.
You also visited: Ossuary.

You collected 469 gold pieces.
You spent 270 gold pieces at shops.

Inventory:

Hand Weapons
 t - a +1 long sword of slicing
 B - a +0 great sword (weapon)
Missiles
 g - 174 stones (quivered)
 h - 3 throwing nets
 q - 24 bolts
 r - 16 poisoned darts
 F - 6 curare-tipped darts
 H - 5 atropa-tipped darts
Armour
 c - a +1 shield (worn)
 e - a +0 cloak (melded)
 l - a +0 pair of boots (melded)
 J - a +0 plate armour (melded)
Jewellery
 i - a ring of resist corrosion (left branch)
 j - a +3 amulet of reflection (around neck)
 o - an uncursed amulet of the acrobat
 w - a ring of protection from magic (right branch)
 I - an uncursed ring of flight
Wands
 a - a wand of disintegration (6)
 y - a wand of acid (10)
 A - a wand of flame (42)
Scrolls
 b - 3 scrolls of enchant weapon
 k - a scroll of enchant armour
 u - 3 scrolls of remove curse
 x - 5 scrolls of fog
 G - 4 scrolls of identify
Potions
 m - 2 potions of brilliance
 n - 2 potions of resistance
 s - a potion of ambrosia
 v - 3 potions of lignification
 z - a potion of degeneration
 C - 3 potions of curing
 D - a potion of mutation
 E - 2 potions of might
Miscellaneous
 d - a lightning rod (4/4)
Comestibles
 f - 15 rations


   Skills:
 - Level 9.0(7.3) Fighting
 + Level 8.3(6.6) Long Blades
 - Level 9.1(7.4) Armour
 - Level 3.4(1.9) Dodging
 - Level 10.0(8.2) Shields
 - Level 7.3(5.6) Invocations
 - Level 5.0(3.4) Evocations


You had 10 spell levels left.
You didn't know any spells.
Your spell library contained the following spells:

 Spells                   Type           Power        Failure   Level  Hunger
 Poisonous Vapours        Pois/Air       #.....       54%         2    ###....
 Conjure Flame            Conj/Fire      #.......     78%         3    ####...
 Mephitic Cloud           Conj/Pois/Air  #.......     78%         3    ####...
 Freezing Cloud           Conj/Ice/Air   #.........   100%        6    #######
 Ring of Flames           Chrm/Fire      #.........   100%        7    #######


Dungeon Overview and Level Annotations

Branches:
Dungeon (10/15)            Temple (1/1) D:5            Lair (0/6) D:9
    Orc: D:9-12

Altars:
Ashenzari
Cheibriados
Dithmenos
Elyvilon
Fedhas
Gozag
Hepliaklqana
Kikubaaqudgha
Makhleb
Nemelex Xobeh
Okawaru
Qazlal
Ru
Sif Muna
Trog
Uskayaw
Vehumet
Wu Jian
Xom
Yredelemnul
Zin
The Shining One

Shops:
D:4 !   D:5 *

Annotations:
D:10 Urug


Innate Abilities, Weirdness & Mutations

You cannot be hasted, slowed, berserked, paralysed or teleported.
You can dig through walls and to a lower floor.
Your four strong arms can wield two-handed weapons with a shield.
((You have a pair of large antennae on your head. (SInv)))


Message History

* * * LOW HITPOINT WARNING * * *
Really quaff the potion of lignification?
You turn into a tree.
Your +0 cloak melds into your body.
Your +0 pair of boots melds into your body.
Your +0 plate armour melds into your body.
Your roots penetrate the ground.
You block Urug's attack.
You slice Urug!!
Urug is heavily wounded.
You block Urug's attack.
You closely miss Urug.
Urug is heavily wounded.
You block Urug's attack.
You closely miss Urug.
Urug is heavily wounded.
Urug hits you with a +5 eveningstar of draining!
* * * LOW HITPOINT WARNING * * *
You are confused.
You feel invigorated.
Urug hits you with a +5 eveningstar of draining!!
You die...

####...##########
.................#
.####...########.#
##.## #... #.#
#... ###.### #...
#(.>..######.##
####...#.........#
#♣#{{##########..#
##o#{# #..# ###{#
#..# #.# #..< ...
#..# ..o.. .....#
#...... ####..#
#....... ...
#.......# #.##


You could see Urug.

Vanquished Creatures
  A centaur warrior (D:6)
  3 two-headed ogres
  An elephant (D:9)
  A gargoyle (D:10)
  A troll (D:10)
  A merfolk (D:9)
  Prince Ribbit (D:8)
  4 hippogriffs
  Sigmund (D:6)
  A basilisk (D:9)
  A wraith (Ossuary)
  A hungry ghost (D:9)
  Duvessa (D:4)
  2 ice beasts
  3 black bears
  3 orc warriors (D:9)
  3 phantoms
  2 ogres
  A necrophage (D:9)
  A centaur (D:9)
  A crocodile (D:9)
  Blork the orc (D:4)
  A big kobold (D:9)
  8 bullfrogs
  A gnoll sergeant (D:7)
  Dowan (D:4)
  4 scorpions
  13 killer bees
  2 howler monkeys (D:8)
  3 crimson imps
  3 bullfrog zombies
  2 centaur zombies
  A quasit (D:10)
  2 jellies
  3 hounds
  7 orc wizards
  A bullfrog skeleton (D:8)
  A centaur skeleton (D:5)
  4 orc priests
  A gnoll shaman (D:3)
  3 iguanas
  5 worker ants
  A hound zombie (D:7)
  2 hound skeletons
  A mummy (Ossuary)
  13 gnolls
  8 adders
  A shadow imp (D:6)
  An ooze (D:3)
  An adder skeleton (D:4)
  5 worms
  A dart slug (D:1)
  6 leopard geckos
  34 orcs
  5 giant cockroaches
  8 goblins
  6 hobgoblins
  10 jackals
  14 kobolds
  2 quokkas
  A ball python (D:3)
  4 bats
  6 frilled lizards
  5 gnoll skeletons (Ossuary)
  8 kobold skeletons (Ossuary)
  A leopard gecko skeleton (D:4)
  12 orc skeletons (Ossuary)
  A quokka skeleton (D:9)
  11 rats
269 creatures vanquished.

Notes
Turn   | Place    | Note
-------+----------+-------------------------------------------
     0 | D:1      | Murumi the Formicid Fighter began the quest for the Orb.
     0 | D:1      | Reached XP level 1. HP: 18/18 MP: 1/1
   120 | D:1      | Reached skill level 1 in Dodging
   123 | D:1      | Reached XP level 2. HP: 23/24 MP: 2/2
   217 | D:1      | Reached XP level 3. HP: 20/29 MP: 3/3
  1050 | D:2      | Reached skill level 4 in Shields
  1087 | D:2      | Found a basalt altar of Yredelemnul.
  1087 | D:2      | Found an ornate altar of the Wu Jian Council.
  1090 | D:2      | Found a snail-covered altar of Cheibriados.
  1439 | D:2      | Reached XP level 4. HP: 37/37 MP: 4/4
  1461 | D:2      | Noticed a moth of wrath
  1464 | D:2      | Found a bloodstained altar of Trog.
  2037 | D:3      | Reached XP level 5. HP: 26/42 MP: 5/5
  2262 | D:3      | Reached skill level 5 in Shields
  3365 | D:4      | Reached XP level 6. HP: 40/48 MP: 6/6
  3385 | D:4      | Reached skill level 5 in Fighting
  3387 | D:4      | Reached XP level 7. HP: 23/56 MP: 7/7
  3395 | D:4      | HP: 2/56 [killer bee (6)]
  3636 | D:4      | Found a deep blue altar of Sif Muna.
  3745 | D:4      | Noticed Duvessa
  3758 | D:4      | Killed Duvessa
  3758 | D:4      | Reached skill level 5 in Armour
  3759 | D:4      | Noticed Dowan
  3770 | D:4      | Killed Dowan
  3880 | D:4      | Found a shattered altar of Ashenzari.
  4012 | D:4      | Found Zoaceosh's Distillery.
  4020 | D:4      | Bought a potion of invisibility for 80 gold pieces
  4020 | D:4      | Bought a potion of lignification for 30 gold pieces
  4020 | D:4      | Bought a potion of lignification for 30 gold pieces
  4020 | D:4      | Bought a potion of lignification for 30 gold pieces
  4049 | D:4      | You fall into a shaft and drop 1 floor!
  4049 | D:5      | Entered Level 5 of the Dungeon
  4151 | D:4      | Noticed Blork the orc
  4162 | D:4      | Killed Blork the orc
  4162 | D:4      | Reached skill level 6 in Shields
  4162 | D:4      | Reached XP level 8. HP: 54/62 MP: 8/8
  4848 | D:5      | Reached skill level 1 in Evocations
  5096 | D:5      | Reached skill level 7 in Shields
  5232 | D:5      | Found Utont's Assorted Antiques.
  5235 | D:5      | Bought a scroll labeled FUCAUSS IZOOS for 20 gold pieces
  5895 | D:5      | Found a staircase to the Ecumenical Temple.
  5901 | Temple   | Entered the Ecumenical Temple
  5964 | Temple   | Became a worshipper of Warmaster Okawaru
  6410 | D:6      | Reached skill level 5 in Long Blades
  6410 | D:6      | Reached XP level 9. HP: 59/69 MP: 11/11
  6560 | D:6      | Reached * piety under Okawaru
  6666 | D:6      | Noticed Sigmund
  6672 | D:6      | Killed Sigmund
  6898 | D:6      | Noticed a centaur warrior
  6921 | D:6      | Killed a centaur warrior
  6921 | D:6      | Reached skill level 9 in Shields
  7245 | D:6      | Found a white marble altar of Elyvilon.
  7245 | D:6      | Found a radiant altar of Vehumet.
  7327 | D:7      | Reached ** piety under Okawaru
  7408 | D:5      | Bought an iron wand for 80 gold pieces
  7508 | D:7      | Reached skill level 10 in Shields
  7680 | D:7      | Reached XP level 10. HP: 56/76 MP: 11/13
  8656 | D:8      | Noticed a two-headed ogre
  8668 | D:7      | Killed a two-headed ogre
  9017 | D:8      | Found a sand-covered staircase.
  9024 | Ossuary  | Entered an ossuary
  9579 | D:8      | Reached *** piety under Okawaru
  9736 | D:8      | Noticed a two-headed ogre
  9743 | D:8      | Killed a two-headed ogre
  9824 | D:8      | Noticed Prince Ribbit
  9845 | D:8      | Killed Prince Ribbit
  9845 | D:8      | Reached **** piety under Okawaru
 10410 | D:9      | Reached XP level 11. HP: 87/89 MP: 14/14
 10868 | D:9      | Found a glowing golden altar of the Shining One.
 10902 | D:9      | Noticed an elephant
 10909 | D:9      | Reached skill level 5 in Invocations
 10919 | D:9      | Killed an elephant
 10988 | D:9      | Found a staircase to the Lair.
 11693 | D:9      | Reached ***** piety under Okawaru
 11995 | D:10     | Entered Level 10 of the Dungeon
 12257 | D:10     | Noticed a two-headed ogre
 12265 | D:10     | Killed a two-headed ogre
 12265 | D:10     | Received a gift from Okawaru
 12286 | D:10     | Got a pair of pitted gloves {god gift}
 12292 | D:10     | Identified the -5 pair of gloves of the Morning {rC- rN+
                  | Dex+7 SInv} (Okawaru gifted it to you on level 10 of the
                  | Dungeon)
 12581 | D:10     | Reached skill level 5 in Evocations
 12604 | D:10     | Noticed Urug
 12644 | D:10     | HP: 1/133 [Urug/+5 eveningstar of draining (16)]
 12645 | D:10     | Demolished by Urug

Levels and vault maps discovered:
D:1:      dpeg_arrival_rhombi, layout_basic
D:2:      layout_loops_corners, gammafunk_temple_overflow_forgotten,
          minivault_24, tgw_trog
D:3:      layout_basic
D:4:      layout_loops_corners, kennysheep_mini_moat, first_ration,
          serial_shops, nicolae_shop_statue_plus, ashenzari_altar_1,
          uniq_duvessa, uniq_blork_the_orc
D:5:      layout_layer_cave, minmay_temple_entry_fiery, serial_shops,
          kennysheep_mini
D:6:      layout_loops_ring, gammafunk_temple_overflow_statue,
          kennysheep_pointless_box, hangedman_decor_growths, minmay_three_doors,
          uniq_sigmund
D:7:      layout_loops_ring
D:8:      layout_gridville, enter_ossuary_1, uniq_prince_ribbit1
D:9:      layout_loops_corners, tso_metal_star, david_lair_generic,
          hangedman_fish_farm, hangedman_glass_teeth
D:10:     layout_loops_ring, uniq_urug
Temple:   eino_temple_water

Skill      XL: |  1  2  3  4  5  6  7  8  9 10 11 |
---------------+----------------------------------+-----
Dodging        | 1 2 3 |  3.4
Long Blades    | 3 4 5 6 8 |  8.3
Shields        | 4 5 6 7 10 | 10.0
Fighting       | 4 5 6 9 |  9.0
Armour         | 4 6 9 |  9.1
Evocations     | 3 5 |  5.0
Invocations    | 4 7 |  7.3

Action                   |  1- 3 |  4- 6 |  7- 9 | 10-12 || total
-------------------------+-------+-------+-------+-------++-------
Melee: Long sword        |    86 |   137 |   289 |       ||   512
       Great sword       |       |       |    54 |   466 ||   520
Throw: Stone             |    92 |    69 |   151 |   182 ||   494
       Dart              |       |       |     1 |     6 ||     7
       Boomerang         |       |       |     3 |    25 ||    28
       Throwing net      |       |       |       |     3 ||     3
Invok: Heroism           |       |       |     1 |     5 ||     6
 Abil: Dig               |       |     3 |     1 |     3 ||     7
  Use: Scroll            |     9 |     2 |     2 |    10 ||    23
       Potion            |       |     1 |     2 |     7 ||    10
 Stab: Held in net/web   |       |       |       |     2 ||     2
  Eat: Chunk             |     2 |     6 |    11 |    18 ||    37
       Ration            |       |       |     1 |       ||     1
Armor: Scale mail        |    31 |    30 |     4 |       ||    65
       Chain mail        |       |       |    92 |    96 ||   188
       Plate armour      |       |       |       |    86 ||    86
Dodge: Dodged            |    26 |    41 |    71 |   116 ||   254
Block: Shield            |    42 |    99 |   246 |   421 ||   808
       Reflection        |     1 |       |     9 |     8 ||    18
       Rpst.: Long sword |     9 |     7 |    14 |       ||    30
       Great sword       |       |       |     4 |    25 ||    29

Table legend:
 A = Non-vault XP
 B = Vault XP
 C = Vault XP percentage of total XP
 D = Non-vault monster count
 E = Vault monster count
 F = Vault count percentage of total count
                 A         B        C        D         E       F
            +---------+---------+-------+---------+---------+-------
      Total |   10851 |    3338 |  23.5 |     224 |      45 |  16.7
            +---------+---------+-------+---------+---------+-------
        D:1 |      38 |       0 |   0.0 |      20 |       0 |   0.0
        D:2 |      41 |      13 |  24.1 |      18 |       5 |  21.7
        D:3 |     156 |       0 |   0.0 |      25 |       0 |   0.0
        D:4 |     464 |     312 |  40.2 |      19 |       3 |  13.6
        D:5 |     619 |       0 |   0.0 |      29 |       0 |   0.0
        D:6 |     708 |    1180 |  62.5 |      17 |       4 |  19.0
        D:7 |    2083 |       0 |   0.0 |      33 |       0 |   0.0
        D:8 |    1539 |     277 |  15.3 |      11 |       1 |   8.3
        D:9 |    2543 |    1319 |  34.2 |      42 |       5 |  10.6
       D:10 |    2660 |       0 |   0.0 |      10 |       0 |   0.0
    Ossuary |       0 |     237 | 100.0 |       0 |      27 | 100.0
            +---------+---------+-------+---------+---------+-------
